 Dungeon Crawl Stone Soup version 0.29.1-13-g9f3cf754e1 (webtiles) character file.

Game seed: 14283039491479639720

26 devnull the Grave Robber (level 2, 0/19 HPs)
             Began as a Demonspawn Necromancer on Jan 22, 2023.
             Succumbed to an adder's poison
             ... on level 2 of the Dungeon.
             The game lasted 00:03:06 (1055 turns).

devnull the Grave Robber (Demonspawn Necromancer)   Turns: 1055, Time: 00:03:06

Health: 0/19       AC:  2    Str:  8    XL:     2   Next: 89%
Magic:  5/5        EV: 12    Int: 16    God:
Gold:   29         SH:  0    Dex: 13    Spells: 4/5 levels left

rFire   . . .      SeeInvis .   h - +0 dagger
rCold   . . .      Faith    .   (no shield)
rNeg    . . .      Spirit   .   a - +0 robe
rPois   .          Reflect  .   (no helmet)
rElec   .          Harm     .   (no cloak)
rCorr   .          Rampage  .   (no gloves)
Will    .....                   (no boots)
Stlth   ++........              (no amulet)
HPRegen 0.06/turn               (no ring)
MPRegen 0.09/turn               (no ring)

@: lethally poisoned (0 -> -1), invisible
A: foul stench 1
a: no special abilities


You were on level 2 of the Dungeon.
You visited 1 branch of the dungeon, and saw 2 of its levels.

You collected 29 gold pieces.

Inventory:

Hand Weapons
 d - a +0 spear
 h - a +0 dagger (weapon)
Missiles
 i - a throwing net
 j - 11 stones (quivered)
Armour
 a - a +0 robe (worn)
Magical Staves
 f - a staff of fire
Jewellery
 k - a +4 ring of evasion
Scrolls
 e - a scroll of magic mapping


   Skills:
 - Level 1.7 Dodging
 - Level 1.7 Stealth
 - Level 2.0 Spellcasting
 + Level 5.4 Necromancy


You had 4 spell levels left.
You knew the following spells:

 Your Spells              Type           Power      Damage    Failure   Level
a - Necrotise             Necr           76%        1d7       2%          1

Your spell library contained the following spells:

 Spells                   Type           Power      Damage    Failure   Level
 Vampiric Draining        Necr           19%        2d7       7%          3
 Animate Dead             Necr           19%        N/A       22%         4
 Agony                    Necr           19%        N/A       52%         5


Dungeon Overview and Level Annotations

Branches:
Dungeon (2/15)

Altars:


Innate Abilities, Weirdness & Mutations

You may rarely emit foul miasma when damaged in melee.


Message History

The adder poisons you!
Your rat skeleton barely misses the adder.
You hit the adder.
The adder is almost dead.
You feel sick. The adder bites you.
You are more poisoned.
The adder poisons you!
Your rat skeleton barely misses the adder.
The adder bites you.
You emit a cloud of foul miasma!
It was a potion of invisibility.
You fade into invisibility!
You feel sick.
The adder is engulfed in dark miasma.
The adder is poisoned.
You kill the adder!
Okay, then.
Unknown command.
Okay, then.
Magic courses through your body.
* * * LOW HITPOINT WARNING * * *
You feel sick.
As you read the scroll labelled ALEMPI TUKUL, it crumbles to dust.
It is a scroll of identify.
e - a scroll of magic mapping
* * * LOW HITPOINT WARNING * * *
You feel sick.
As you read the scroll labelled OTWITO KOIG, it crumbles to dust.
The creatures around you are filled with an inner flame!
It was a scroll of immolation.
* * * LOW HITPOINT WARNING * * *
You feel sick.
* * * LOW HITPOINT WARNING * * *
You feel sick.
* * * LOW HITPOINT WARNING * * *
You feel sick.
You swap places.
Found a dagger.
* * * LOW HITPOINT WARNING * * *
You feel sick.
Things that are here:
an adder corpse; a rat corpse A dart slug and a bat come into view.
You die...

### #. ......
..#.# ###.#.#
.....# ###...#
#.....#####.#
#.....†Z....#
#....@#######
#...<.........#
...........w...
..........###..
#######.b..
#)...~ #..~##≈
#..#≈ #≈


You could see a dart slug (asleep), a bat (asleep) and a friendly rat skeleton
(inner flame).

Vanquished Creatures
  An adder (D:2)
  A dart slug (D:1)
  2 bats (D:1)
  2 endoplasms
  A goblin (D:1)
  3 hobgoblins (D:1)
  2 rats (D:2)
12 creatures vanquished.

Vanquished Creatures (collateral kills)
  A hobgoblin (D:1)
1 creature vanquished.

Grand Total: 13 creatures vanquished

Notes
Turn   | Place    | Note
-------+----------+-------------------------------------------
     0 | D:1      | devnull the Demonspawn Necromancer began the quest for the
                  | Orb.
     0 | D:1      | Reached XP level 1. HP: 13/13 MP: 3/3
   616 | D:1      | Gained mutation: You may rarely emit foul miasma when
                  | damaged in melee. [demonic ancestry]
   616 | D:1      | Reached XP level 2. HP: 19/19 MP: 1/5
   694 | D:1      | Reached skill level 5 in Necromancy
  1055 | D:2      | Succumbed to an adder's poison

Illustrated notes

Levels and vault maps discovered:
D:1:      heliophobic_arrival_enchanted_forest, layout_rooms
D:2:      layout_basic, basic_ecumenical_altar, chequers_serial_rivers_marsh,
          minivault_4, nicolae_concentric_dashed_squares_mild

Skill      XL: |  1  2 |
---------------+-------+-----
Necromancy     | 5 |  5.4
Dodging        | |  1.7
Stealth        | |  1.7
Spellcasting   | |  2.0

Action                   || total
-------------------------++-------
Melee: Unarmed           ||    20
       Dagger            ||    20
       Punch             ||     1
Throw: Stone             ||     4
 Cast: Necrotise         ||    23
  Use: Scroll            ||     2
       Potion            ||     2
Armor: Robe              ||     8
Dodge: Dodged            ||    30
